 Dungeon Crawl Stone Soup version 0.31-a0-819-gf6de2f5ab6 (webtiles) character file.

Game seed: 1162422732230941971

7418 qw the Skirmisher (level 11, -24/72 HPs)
             Began as a Gargoyle Hunter on Sept 23, 2023.
             Was a Priest of Okawaru.
             Killed from afar by a smoke demon (39 damage)
             ... with a ball of steam
             ... summoned by a kobold demonologist
             ... on level 10 of the Dungeon.
             The game lasted 00:04:22 (8308 turns).

qw the Skirmisher (Gargoyle Hunter)                 Turns: 8308, Time: 00:04:23

Health: -24/72     AC: 21    Str: 17      XL:     11   Next: 14%
Magic:  10/12      EV: 18    Int: 10 (11) God:    Okawaru [***...]
Gold:   543        SH:  0    Dex: 23      Spells: 10/10 levels left

rFire   x . .        k - +0 shortbow
rCold   . . .        (shield currently unavailable)
rNeg    + + +        r - +1 ring mail {rPois}
rPois   inf          t - +2 hat
rElec   +            (no cloak)
rCorr   .            (no gloves)
SInv    +            m - +2 pair of boots
Will    +....        s - amulet of regeneration
Stlth   +++++        o - ring of Zor Kur {Str+3 Dex+6 Stlth+}
HPRegen 1.12/turn    n - ring of Aqu Rimp {rF- rN++ Will+ SInv Stlth+}
MPRegen 0.13/turn

%: no passive effects
@: heroic
A: sickness immunity, AC +8, negative energy resistance 1, electricity
resistance, torment resistance 1, petrification resistance, low MP 1
a: Renounce Religion, Heroism


You were on level 10 of the Dungeon.
You worshipped Okawaru.
Okawaru was most pleased with you.
You visited 2 branches of the dungeon, and saw 11 of its levels.

You collected 543 gold pieces.


Innate Abilities, Weirdness & Mutations

You are immune to sickness and miasma.
Your stone body is resilient. (AC +8)
You are immune to poison.
You resist negative energy. (rN+)
You are resistant to electric shocks. (rElec)
You are resistant to unholy torment.
You are immune to petrification.
Your magical capacity is low. (-10% MP)


   Skills:
 - Level 9.8(14.8) Fighting
 - Level 13.1(18.1) Ranged Weapons
 - Level 3.2(8.2) Armour
 + Level 4.4(9.4) Dodging
 - Level 1.1(6.1) Stealth
 - Level 4.0 Invocations


You had 10 spell levels left.
You didn't know any spells.
Your spell library was empty.

Inventory:

Hand Weapons
 k - a +0 shortbow (weapon)
Armour
 m - a +2 pair of boots (worn)
 r - a +1 ring mail of poison resistance (worn)
 t - a +2 hat (worn)
Jewellery
 c - a ring of see invisible
 n - the ring of Aqu Rimp (right hand) {rF- rN++ Will+ SInv Stlth+}
   (You found it on level 4 of the Dungeon)

   [ring of willpower]

   rF-:       It makes you vulnerable to fire.
   rN++:      It greatly protects you from negative energy.
   Will+:     It increases your willpower.
   SInv:      It lets you see invisible.
   Stlth+:    It makes you more stealthy.
 o - the ring of Zor Kur (left hand) {Str+3 Dex+6 Stlth+}
   (You found it on level 8 of the Dungeon)

   [ring of dexterity]

   Str+3:     It affects your strength (+3).
   Dex+6:     It affects your dexterity (+6).
   Stlth+:    It makes you more stealthy.
 s - an amulet of regeneration (around neck)
 Y - a ring of protection from cold
Scrolls
 d - 2 scrolls of identify
 u - 2 scrolls of enchant armour
Potions
 b - 4 potions of curing
 e - 2 potions of haste
 f - a potion of might
 g - a potion of enlightenment
 i - a potion of magic
 j - a potion of attraction {unknown}
 l - a potion of ambrosia {unknown}
 q - a potion of mutation {unknown}

Dungeon Overview and Level Annotations

Branches:
Dungeon (10/15)            Temple (1/1) D:6            Lair (0/5) D:9
    Orc: D:9-12

Altars:
Ashenzari
Cheibriados
Dithmenos
Elyvilon
Fedhas
Gozag
Hepliaklqana
Kikubaaqudgha
Makhleb
Nemelex Xobeh
Okawaru
Qazlal
Ru
Sif Muna
Trog
Uskayaw
Vehumet
Wu Jian
Xom
Yredelemnul
Zin
The Shining One

Annotations:
D:3 2 transporters
D:5 1 runed translucent door, Crazy Yiuf
D:6 2 transporters
D:9 2 transporters


Message History

The arrow hits the smoke demon but does no damage.
The smoke demon misses you.
The smoke demon hits you but does no damage.
The smoke demon closely misses you. The kobold misses you.
The crimson imp summons a swarm of flies.
The crimson imp barely misses you.
The crimson imp blinks!
The kobold demonologist hits you but does no damage.
8305 |||
Found retreat position at 0,-3 (floor) with 0 blocking monsters and 3 monsters attacking at destination at distance 3
8305 ||| Stepping ~*~*~tactically~*~*~ (retreating).
The quasit closely misses you.
The quasit claws you but does no damage.
The quasit barely misses you.
The smoke demon hits you but does no damage. x2
The smoke demon closely misses you. The crimson imp barely misses you.
The smoke demon gestures at you. Something smites you!
The kobold demonologist hits you but does no damage.
8306 |||
Found retreat position at -1,-2 (floor) with 0 blocking monsters and 3 monsters attacking at destination at distance 2
8306 ||| Stepping ~*~*~tactically~*~*~ (retreating).
The quasit closely misses you. x3; The kobold attacks as it pursues you!
The kobold hits you but does no damage. The crimson imp closely misses you.
The smoke demon gestures at you. Something smites you!
The quasit bites you but does no damage.
The quasit completely misses you. The quasit closely misses you.
8307 |||
Found retreat position at -1,-1 (floor) with 0 blocking monsters and 3 monsters attacking at destination at distance 1
8307 ||| Stepping ~*~*~tactically~*~*~ (retreating).
The kobold attacks as it pursues you! The kobold misses you.
The quasit closely misses you. The quasit misses you.
The quasit completely misses you.
You shoot an arrow. The arrow hits the quasit.
The quasit is almost dead.
The smoke demon gestures at you.
The ball of steam hits the crimson imp.
The crimson imp resists.
The ball of steam hits the quasit.
The quasit resists.
The quasit dies!
The quasit disappears in a puff of smoke!
The ball of steam hits you!!! The steam scalds you terribly!
Ouch! That really hurt!
You die...

........# ........# ##'######
#..### ##...# ## ###.# .# #)#
.# # #.# ####'########## ..
#####'### #@............#)..
........# #¤K.........).....
........# #53K.5.....)!..#
........##### #3.............#
........'...# #..............#
....[...###.####.....>.......##
........# #....[)....))......#
........# ######.............#
........# #####+#########


You could see a kobold demonologist, a smoke demon (summoned), 2 crimson imps
and a kobold.

Vanquished Creatures
  Gastronok (D:8)
  Urug (D:10)
  An unseen horror (D:9)
  3 kobold demonologists (D:10)
  A troll (D:9)
  A shadow (D:10)
  A wraith (D:9)
  A wyvern (D:9)
  A steam dragon (D:10)
  Grum (D:8)
  Duvessa (D:5)
  2 water moccasins
  3 sky beasts
  2 black bears
  An ogre (D:5)
  4 wolves (D:8)
  2 phantoms
  2 kobold brigands
  Blork the orc (D:5)
  3 scorpions (D:6)
  13 wights
  Dowan (D:5)
  6 killer bees
  6 howler monkeys
  2 jellies
  4 hounds
  7 orc priests
  A gnoll bouda (D:5)
  2 sleepcaps (D:6)
  4 orc wizards
  2 iguanas
  5 adders
  14 gnolls
  A shadow imp (D:7)
  5 ufetubi
  A worm (D:3)
  2 dart slugs
  25 orcs
  3 bats
  5 endoplasms
  4 giant cockroaches
  8 goblins
  7 hobgoblins
  3 quokkas
  7 ball pythons
  A frilled lizard (D:1)
  19 kobolds
  10 rats
201 creatures vanquished.

Notes
Turn   | Place    | Note
-------+----------+-------------------------------------------
     0 | D:1      | qw the Gargoyle Hunter began the quest for the Orb.
     0 | D:1      | Reached XP level 1. HP: 12/12 MP: 1/1
     0 | D:1      | 0 ||| qw: Version: 0.3-a-83-gcd0e7d8
     0 | D:1      | 0 ||| qw: Game counter: 1571
     0 | D:1      | 0 ||| qw: Melee chars always use a shield: true
     0 | D:1      | 0 ||| qw: God list: Okawaru
     0 | D:1      | 0 ||| qw: Allow faded altars: false
     0 | D:1      | 0 ||| qw: Do Orc after clearing Dungeon:15 true
     0 | D:1      | 0 ||| qw: Do second Lair branch before Depths: true
     0 | D:1      | 0 ||| qw: Lair rune preference: random
     0 | D:1      | 0 ||| qw: Goals: Normal
     0 | D:1      | 0 ||| PLANNING D:1-11
   135 | D:1      | Reached XP level 2. HP: 15/17 MP: 2/2
   524 | D:1      | 524 ||| READING scroll labelled GELIOFF NEYS.
   527 | D:1      | 527 ||| READING scroll labelled ZONOCO LEMEQA.
   528 | D:1      | 528 ||| READING scroll labelled DEARUE OFACEDI.
   529 | D:1      | 529 ||| DROPPING scroll of butterflies.
   682 | D:2      | Reached XP level 3. HP: 19/21 MP: 3/3
   858 | D:2      | Reached skill level 5 in Ranged Weapons
  1281 | D:2      | 1281 ||| READING 3 scrolls labelled CENAICK JODGH.
  1282 | D:2      | 1282 ||| DROPPING 2 scrolls of blinking.
  1384 | D:3      | You fall into a shaft and drop 2 floors!
  1384 | D:5      | Entered Level 5 of the Dungeon
  1450 | D:5      | Noticed an ogre
  1457 | D:5      | Reached skill level 3 in Fighting
  1462 | D:5      | Killed an ogre
  1463 | D:5      | Reached skill level 6 in Ranged Weapons
  1463 | D:5      | Reached XP level 4. HP: 25/28 MP: 4/4
  1463 | D:5      | Reached XP level 5. HP: 29/32 MP: 5/5
  1503 | D:5      | Noticed a black bear
  1512 | D:5      | Killed a black bear
  1513 | D:5      | Reached XP level 6. HP: 25/39 MP: 6/6
  1676 | D:5      | Reached skill level 7 in Ranged Weapons
  1891 | D:5      | Noticed Duvessa
  1891 | D:5      | Noticed Dowan
  1892 | D:5      | 1892 ||| RETREEAATING.
  1896 | D:5      | 1896 ||| STILL RETREEAATING.
  1919 | D:5      | Killed Duvessa
  1920 | D:5      | Reached XP level 7. HP: 24/44 MP: 7/7
  1925 | D:5      | Killed Dowan
  2231 | D:5      | Found an opulent altar of Gozag.
  2253 | D:5      | 2253 ||| UPGRADING to +0 ring mail.
  2263 | D:5      | 2263 ||| DROPPING +0 leather armour.
  2305 | D:4      | Reached skill level 1 in Armour
  2307 | D:4      | HP: 10/44 [gnoll/+0 club (4)]
  2501 | D:4      | 2501 ||| UPGRADING to ring of see invisible.
  2502 | D:4      | 2502 ||| READING scroll labelled ELOAD UDOCW.
  2558 | D:3      | Found a transporter.
  2624 | D:3      | Found a transporter.
  3269 | D:3      | 3269 ||| READING 3 scrolls of identify.
  3269 | D:3      | 3269 ||| IDENTIFYING bubbling yellow potion
  3270 | D:3      | 3270 ||| READING 2 scrolls of identify.
  3270 | D:3      | 3270 ||| IDENTIFYING glowing coppery potion
  3437 | D:4      | Identified the ring of Aqu Rimp {rF- rN++ Will+ SInv
                  | Stlth+}
  3483 | D:4      | Reached skill level 8 in Ranged Weapons
  3829 | D:4      | 3829 ||| UPGRADING to +0 pair of boots.
  3834 | D:4      | 3834 ||| READING scroll labelled IDYEHU GAYN.
  3835 | D:4      | 3835 ||| DRINKING 3 fizzy blue potions.
  3836 | D:4      | 3836 ||| DRINKING 2 fizzy grey potions.
  3896 | D:5      | Noticed Blork the orc
  3910 | D:5      | Killed Blork the orc
  3911 | D:5      | Reached XP level 8. HP: 41/49 MP: 8/8
  4250 | D:5      | Found a runed translucent door.
  4251 | D:5      | Noticed Crazy Yiuf
  4361 | D:5      | 4361 ||| UPGRADING to +2 robe.
  4371 | D:5      | 4371 ||| DROPPING +0 ring mail.
  4372 | D:5      | 4372 ||| READING 2 scrolls of identify.
  4372 | D:5      | 4372 ||| IDENTIFYING smoky brown potion
  4373 | D:5      | 4373 ||| DROPPING potion of invisibility.
  4402 | D:6      | Found a burning altar of Makhleb.
  4466 | D:6      | 4466 ||| RETREEAATING.
  4467 | D:6      | 4467 ||| STILL RETREEAATING.
  4564 | D:6      | Reached skill level 9 in Ranged Weapons
  4576 | D:6      | Found a transporter.
  4600 | D:6      | 4600 ||| RETREEAATING.
  4655 | D:6      | Found a sacrificial altar of Ru.
  4686 | D:6      | Reached skill level 6 in Fighting
  4905 | D:6      | Found a staircase to the Ecumenical Temple.
  4906 | D:6      | 4906 ||| PLANNING TEMPLE
  4906 | D:6      | 4906 ||| UPGRADING to amulet of regeneration.
  4911 | D:6      | 4911 ||| DROPPING amulet of guardian spirit.
  4912 | D:6      | 4912 ||| READING scroll labelled JIXTAI FELUP.
  4913 | D:6      | 4913 ||| READING 2 scrolls of identify.
  4913 | D:6      | 4913 ||| IDENTIFYING cyan potion
  4914 | D:6      | 4914 ||| DROPPING potion of brilliance.
  4925 | Temple   | Entered the Ecumenical Temple
  4926 | Temple   | 4926 ||| PLANNING OKAWARU WORSHIP
  4940 | Temple   | Became a worshipper of Warmaster Okawaru
  4941 | Temple   | 4941 ||| PLANNING D:1-11
  5191 | D:6      | Found a transporter.
  5199 | D:6      | 5199 ||| READING 2 scrolls of identify.
  5199 | D:6      | 5199 ||| IDENTIFYING smoky white potion
  5200 | D:6      | 5200 ||| DROPPING potion of lignification.
  5419 | D:7      | 5419 ||| FLEEEEING.
  5420 | D:7      | 5420 ||| FLEEEEING.
  5423 | D:7      | 5423 ||| FLEEEEING.
  5424 | D:7      | 5424 ||| FLEEEEING.
  5425 | D:7      | 5425 ||| FLEEEEING.
  5426 | D:7      | 5426 ||| FLEEEEING.
  5427 | D:7      | 5427 ||| FLEEEEING.
  5428 | D:7      | 5428 ||| FLEEEEING.
  5429 | D:7      | 5429 ||| FLEEEEING.
  5553 | D:7      | 5553 ||| RETREEAATING.
  5555 | D:7      | 5555 ||| RETREEAATING.
  5557 | D:7      | 5557 ||| RETREEAATING.
  5559 | D:7      | 5559 ||| RETREEAATING.
  5572 | D:7      | Reached skill level 10 in Ranged Weapons
  5572 | D:7      | Reached XP level 9. HP: 44/55 MP: 9/9
  5596 | D:7      | Reached skill level 3 in Dodging
  5809 | D:7      | Reached * piety under Okawaru
  5833 | D:7      | Found a shadowy altar of Dithmenos.
  5836 | D:7      | Found a shimmering altar of Xom.
  5838 | D:7      | Found a radiant altar of Vehumet.
  5938 | D:7      | 5938 ||| INVOKING Heroism.
  6264 | D:7      | 6264 ||| DROPPING scarf of shadows.
  6288 | D:8      | 6288 ||| RETREEAATING.
  6289 | D:8      | 6289 ||| Stepping ~*~*~tactically~*~*~ (retreating).
  6290 | D:8      | 6290 ||| Stepping ~*~*~tactically~*~*~ (retreating).
  6292 | D:8      | 6292 ||| Stepping ~*~*~tactically~*~*~ (retreating).
  6293 | D:8      | 6293 ||| Stepping ~*~*~tactically~*~*~ (retreating).
  6294 | D:8      | 6294 ||| Stepping ~*~*~tactically~*~*~ (retreating).
  6295 | D:8      | 6295 ||| Stepping ~*~*~tactically~*~*~ (retreating).
  6302 | D:8      | 6302 ||| INVOKING Heroism.
  6313 | D:8      | Reached skill level 1 in Invocations
  6319 | D:8      | 6319 ||| INVOKING Heroism.
  6335 | D:8      | 6335 ||| INVOKING Heroism.
  6400 | D:8      | 6400 ||| INVOKING Heroism.
  6408 | D:8      | Noticed Grum
  6416 | D:8      | 6416 ||| INVOKING Heroism.
  6421 | D:8      | Killed Grum
  6422 | D:8      | Reached skill level 11 in Ranged Weapons
  6438 | D:8      | Reached skill level 3 in Invocations
  6461 | D:8      | 6461 ||| UPGRADING to +1 ring mail of poison resistance.
  6467 | D:8      | 6467 ||| UPGRADING to +1 ring mail of poison resistance.
  6477 | D:8      | 6477 ||| DROPPING +2 robe.
  6478 | D:8      | 6478 ||| READING 2 scrolls of identify.
  6478 | D:8      | 6478 ||| IDENTIFYING sedimented green potion
  6479 | D:8      | 6479 ||| DROPPING potion of berserk rage.
  6497 | D:8      | 6497 ||| DRINKING 2 red potions.
  6516 | D:8      | Noticed Gastronok
  6517 | D:8      | 6517 ||| RETREEAATING.
  6518 | D:8      | 6518 ||| INVOKING Heroism.
  6519 | D:8      | 6519 ||| STILL RETREEAATING.
  6543 | D:8      | 6543 ||| INVOKING Heroism.
  6558 | D:8      | HP: 9/57 [Gastronok (33)]
  6559 | D:8      | 6559 ||| READING 2 scrolls of teleportation.
  6560 | D:8      | 6560 ||| DRINKING 3 potions of heal wounds.
  6619 | D:8      | Reached skill level 3 in Armour
  6704 | D:8      | 6704 ||| INVOKING Heroism.
  6732 | D:8      | Identified the ring of Zor Kur {Str+3 Dex+6 Stlth+}
  6793 | D:8      | Killed Gastronok
  6793 | D:8      | Reached ** piety under Okawaru
  6794 | D:8      | Reached skill level 9 in Fighting
  6794 | D:8      | Reached XP level 10. HP: 40/68 MP: 12/12
  6919 | D:8      | 6919 ||| READING scroll of enchant armour.
  6919 | D:8      | 6919 ||| ENCHANTING +0 pair of boots.
  6980 | D:8      | 6980 ||| READING 3 scrolls of enchant armour.
  6980 | D:8      | 6980 ||| ENCHANTING +1 pair of boots.
  7177 | D:8      | 7177 ||| UPGRADING to +2 hat.
  7182 | D:8      | 7182 ||| UPGRADING to ring of protection from cold.
  7183 | D:8      | 7183 ||| UPGRADING to ring of Zor Kur {Str+3 Dex+6 Stlth+}.
  7185 | D:8      | 7185 ||| UPGRADING to ring of Aqu Rimp {rF- rN++ Will+ SInv
                  | Stlth+}.
  7229 | D:9      | 7229 ||| STAIRDANCE
  7238 | D:9      | 7238 ||| STAIRDANCE
  7244 | D:9      | 7244 ||| STAIRDANCE
  7252 | D:9      | 7252 ||| STAIRDANCE
  7291 | D:9      | 7291 ||| Stepping ~*~*~tactically~*~*~ (retreating).
  7367 | D:9      | Reached *** piety under Okawaru
  7370 | D:9      | Found a staircase to the Lair.
  7607 | D:9      | Noticed an unseen horror
  7621 | D:9      | Killed an unseen horror
  7643 | D:9      | Found a transporter.
  7829 | D:9      | 7829 ||| INVOKING Heroism.
  7836 | D:9      | Reached skill level 12 in Ranged Weapons
  7954 | D:9      | Found a bloodstained altar of Trog.
  8064 | D:9      | Found a transporter.
  8069 | D:9      | 8069 ||| READING 3 scrolls of identify.
  8069 | D:9      | 8069 ||| IDENTIFYING orange potion
  8070 | D:9      | 8070 ||| READING 2 scrolls of identify.
  8070 | D:9      | 8070 ||| IDENTIFYING golden potion
  8071 | D:9      | 8071 ||| DROPPING potion of degeneration.
  8098 | D:10     | Entered Level 10 of the Dungeon
  8109 | D:10     | Noticed Urug
  8110 | D:10     | 8110 ||| INVOKING Heroism.
  8128 | D:10     | 8128 ||| INVOKING Heroism.
  8141 | D:10     | Killed Urug
  8183 | D:10     | Noticed a kobold demonologist
  8192 | D:10     | Killed a kobold demonologist
  8193 | D:10     | Reached XP level 11. HP: 69/72 MP: 14/14
  8199 | D:10     | 8199 ||| INVOKING Heroism.
  8224 | D:10     | 8224 ||| RETREEAATING.
  8224 | D:10     | Gained mutation: Your magical capacity is low. (-10% MP) [a
                  | neqoxec]
  8225 | D:10     | 8225 ||| STILL RETREEAATING.
  8226 | D:10     | 8226 ||| STILL RETREEAATING.
  8227 | D:10     | 8227 ||| STILL RETREEAATING.
  8228 | D:10     | 8228 ||| STILL RETREEAATING.
  8229 | D:10     | 8229 ||| STILL RETREEAATING.
  8230 | D:10     | 8230 ||| STILL RETREEAATING.
  8231 | D:10     | 8231 ||| STILL RETREEAATING.
  8232 | D:10     | 8232 ||| STILL RETREEAATING.
  8233 | D:10     | 8233 ||| STILL RETREEAATING.
  8234 | D:10     | 8234 ||| STILL RETREEAATING.
  8265 | D:10     | 8265 ||| INVOKING Heroism.
  8269 | D:10     | Reached skill level 13 in Ranged Weapons
  8284 | D:10     | HP: 18/72 [steam dragon] (7)]
  8286 | D:10     | 8286 ||| READING scroll of teleportation.
  8287 | D:10     | 8287 ||| DRINKING 2 potions of heal wounds.
  8292 | D:10     | 8292 ||| RETREEAATING.
  8293 | D:10     | 8293 ||| STILL RETREEAATING.
  8294 | D:10     | 8294 ||| STILL RETREEAATING.
  8295 | D:10     | 8295 ||| STILL RETREEAATING.
  8296 | D:10     | 8296 ||| Stepping ~*~*~tactically~*~*~ (retreating).
  8297 | D:10     | 8297 ||| Stepping ~*~*~tactically~*~*~ (retreating).
  8298 | D:10     | 8298 ||| Stepping ~*~*~tactically~*~*~ (retreating).
  8299 | D:10     | 8299 ||| Stepping ~*~*~tactically~*~*~ (retreating).
  8300 | D:10     | 8300 ||| Stepping ~*~*~tactically~*~*~ (retreating).
  8300 | D:10     | HP: 12/72 [smoke demon/divine providence[a kobold
                  | demonologist] (11)]
  8301 | D:10     | 8301 ||| DRINKING potion of heal wounds.
  8302 | D:10     | 8302 ||| INVOKING Heroism.
  8305 | D:10     | 8305 ||| Stepping ~*~*~tactically~*~*~ (retreating).
  8306 | D:10     | 8306 ||| Stepping ~*~*~tactically~*~*~ (retreating).
  8306 | D:10     | HP: 13/72 [smoke demon/divine providence[a kobold
                  | demonologist] (12)]
  8307 | D:10     | 8307 ||| Stepping ~*~*~tactically~*~*~ (retreating).
  8308 | D:10     | Killed from afar by a smoke demon

Levels and vault maps discovered:
D:1:      lemuel_arrival_broad_hall, layout_loops_ring, lemuel_flame_loot_1
D:2:      layout_basic
D:3:      gammafunk_wand_slinger, layout_loops_corners, minivault_26,
          minivault_25
D:4:      layout_gridville
D:5:      layout_loops_corners, nicolae_gozag_cash_rules_everything_around_me,
          uniq_crazy_yiuf_cottage, uniq_duvessa, uniq_blork_the_orc
D:6:      gammafunk_cloud_chamber, layout_cave_pools,
          mainiacjoe_overflow_alcove_1, amcnicky_altar_gilded,
          minmay_temple_entry_glassed_door
D:7:      layout_basic, nicolae_overflow_hidden_temple
D:8:      layout_rooms, uniq_grum, uniq_gastronok
D:9:      layout_loops_ring, trog_hazing_becter, dpeg_oklobed_lair,
          nicolae_diode_stairs
D:10:     layout_roguey, uniq_urug
Temple:   nicolae_temple_bog_church

Skill      XL: |  1  2  3  4  5  6  7  8  9 10 11 |
---------------+----------------------------------+-----
Ranged Weapons | 6 7 8 10 11 12 13 | 13.1
Fighting       | 3 4 5 6 9 |  9.8
Dodging        | 2 3 4 |  4.4
Armour         | 1 2 3 |  3.2
Invocations    | 3 4 |  4.0
Stealth        | |  1.1

Action                     |  1- 3 |  4- 6 |  7- 9 | 10-12 || total
---------------------------+-------+-------+-------+-------++-------
   Fire: Shortbow          |    78 |    81 |   700 |   281 ||  1140
 Invoke: Heroism           |       |       |     9 |     6 ||    15
    Use: Scroll            |     4 |       |    10 |     5 ||    19
         Potion            |       |       |     4 |     2 ||     6
 Armour: Leather armour    |    19 |    33 |    19 |       ||    71
         Ring mail         |       |       |   121 |   130 ||   251
         Robe              |       |       |   164 |       ||   164
  Dodge: Dodged            |    23 |    28 |   291 |   131 ||   473

Table legend:
 A = Non-vault XP
 B = Vault XP
 C = Vault XP percentage of total XP
 D = Non-vault monster count
 E = Vault monster count
 F = Vault count percentage of total count
                 A         B        C        D         E       F
            +---------+---------+-------+---------+---------+-------
      Total |    7390 |    3208 |  30.3 |     185 |      16 |   8.0
            +---------+---------+-------+---------+---------+-------
        D:1 |      30 |       0 |   0.0 |      11 |       0 |   0.0
        D:2 |      16 |       0 |   0.0 |      12 |       0 |   0.0
        D:3 |      85 |       0 |   0.0 |      26 |       0 |   0.0
        D:4 |     186 |       0 |   0.0 |      12 |       0 |   0.0
        D:5 |     720 |     306 |  29.8 |      21 |       3 |  12.5
        D:6 |     662 |       0 |   0.0 |      18 |       0 |   0.0
        D:7 |    1009 |       0 |   0.0 |      36 |       0 |   0.0
        D:8 |    1251 |    2116 |  62.8 |      23 |       6 |  20.7
        D:9 |    1960 |      11 |   0.6 |      17 |       6 |  26.1
       D:10 |    1471 |     775 |  34.5 |       9 |       1 |  10.0
            +---------+---------+-------+---------+---------+-------
